[Event "7th Cattolica Open-B 2020"]
[Site "Cattolica"]
[Date "2020.08.31"]
[Round "1.2"]
[White "Cote, Frederic"]
[Black "Bosio, Andrea"]
[Result "1-0"]
[ECO "C44"]
[WhiteElo "1917"]
[BlackElo "1659"]
[Annotator "ChessBase"]
[PlyCount "49"]
[EventDate "2020.08.31"]
[EventType "swiss"]
[EventCountry "ITA"]
[SourceTitle "playchess.com"]
[Source "ChessBase"]
[SourceQuality "1"]
[TimeControl "5400+30"]

1. e4 e5 2. Nf3 Nc6 3. d3 Nf6 4. Be2 d5 5. Nbd2 Bd6 6. O-O O-O 7. c3 h6 8. b4 Re8 9. a3 a5 10. Bb2 dxe4 11. dxe4 Bg4 12. Qc2 axb4 13. axb4 Qd7 14. Nc4 Nh5 15. Rxa8 Rxa8 16. b5 Qe6 17. bxc6 Nf4 18. Nxd6 cxd6 19. cxb7 Rb8 20. Bc1 Nxg2 21. Kxg2 Bh3+ 22. Kh1 Bxf1 23. Bxf1 Qg4 24. Be2 Rxb7 25. Qd3 1-0

[Event "7th Cattolica Open-B 2020"]
[Site "Cattolica"]
[Date "2020.08.31"]
[Round "1.4"]
[White "Giovannini, Roberto"]
[Black "Danese, Aldo"]
[Result "1/2-1/2"]
[ECO "A48"]
[WhiteElo "1893"]
[BlackElo "1634"]
[Annotator "NA"]
[PlyCount "96"]
[EventDate "2020.08.31"]
[EventType "swiss"]
[EventCountry "ITA"]
[SourceTitle "playchess.com"]
[Source "ChessBase"]
[SourceQuality "1"]
[TimeControl "5400+30"]

1. d4 g6 2. Nf3 d6 3. Bf4 Bg7 4. e3 Nf6 5. Be2 O-O 6. O-O Nh5 7. Bg5 Nd7 8. a4 c6 9. Na3 Nhf6 10. c3 h6 11. Bh4 g5 12. Bg3 Ne4 13. Nc4 Nxg3 14. hxg3 f5 15. Qb3 Kh8 16. Kh2 Bf6 17. Rh1 Kg7 18. a5 Rh8 19. Kg1 Rb8 20. Qc2 Nf8 21. Bd3 e6 22. b4 a6 23. Nb6 Bd7 24. e4 fxe4 25. Bxe4 Be8 26. Re1 Bf7 27. Bd3 Qc7 28. Nc4 Re8 29. Ne3 Bg6 30. Bxg6 Nxg6 31. Rh5 Qf7 32. Rh1 Bd8 33. Re2 d5 34. Ng4 Bc7 35. Nge5 Bxe5 36. Nxe5 Qf5 37. Qd2 Re7 38. Kh2 h5 39. Nxg6 Kxg6 40. Re5 Qf6 41. Rhe1 Rf8 42. Qe2 Qxf2 43. Rxe6+ Rxe6 44. Qxe6+ Qf6 45. Qd7 Rf7 46. Qe8 Kg7 47. Re6 Qf5 48. Re5 Qf6 1/2-1/2

[Event "7th Cattolica Open-B 2020"]
[Site "Cattolica"]
[Date "2020.08.31"]
[Round "1.5"]
[White "Mammi, Ottavio"]
[Black "Frescura, Davide"]
[Result "0-1"]
[ECO "A36"]
[WhiteElo "1633"]
[BlackElo "1916"]
[Annotator "ChessBase"]
[PlyCount "68"]
[EventDate "2020.08.31"]
[EventType "swiss"]
[EventCountry "ITA"]
[SourceTitle "playchess.com"]
[Source "ChessBase"]
[SourceQuality "1"]
[TimeControl "5400+30"]

1. c4 c5 2. Nc3 Nc6 3. g3 g6 4. Bg2 Bg7 5. d3 e6 6. e4 Nge7 7. Nge2 a6 8. Be3 Nd4 9. O-O Nec6 10. Rb1 Rb8 11. a3 b5 12. cxb5 axb5 13. b4 Qe7 14. bxc5 Qxc5 15. a4 b4 16. Nb5 e5 17. Nexd4 Nxd4 18. Rc1 Qe7 19. Nc7+ Kf8 20. Nd5 Qd8 21. f4 Bh6 22. fxe5 Bxe3+ 23. Nxe3 d6 24. exd6 Be6 25. Nd5 Qxd6 26. Rc4 b3 27. Rxd4 Qc5 28. Qa1 b2 29. Qa2 Qxd4+ 30. Kh1 Qxd3 31. Rf3 b1=Q+ 32. Qxb1 Rxb1+ 33. Rf1 Rxf1+ 34. Bxf1 Qxf1# 0-1

[Event "7th Cattolica Open-B 2020"]
[Site "Cattolica"]
[Date "2020.08.31"]
[Round "1.6"]
[White "Modena, Giorgio"]
[Black "Saviane, Giorgio"]
[Result "0-1"]
[ECO "C89"]
[WhiteElo "1869"]
[BlackElo "1643"]
[Annotator "NA"]
[PlyCount "56"]
[EventDate "2020.08.31"]
[EventType "swiss"]
[EventCountry "ITA"]
[SourceTitle "playchess.com"]
[Source "ChessBase"]
[SourceQuality "1"]
[TimeControl "5400+30"]

1. e4 e5 2. Nf3 Nc6 3. Bb5 a6 4. Ba4 Nf6 5. O-O Be7 6. Re1 b5 7. Bb3 O-O 8. c3 d5 9. exd5 Nxd5 10. Nxe5 Nxe5 11. Rxe5 c6 12. d4 Bd6 13. Re1 Qh4 14. g3 Qh3 15. Qd3 Bf5 16. Qf1 Qh5 17. Bd1 Qg6 18. Nd2 Nf4 19. Re3 Bh3 20. Qe1 Ng2 21. Qe2 Nxe3 22. fxe3 Rfe8 23. Nf3 Bg4 24. Qf2 Qf5 25. Bd2 Re6 26. e4 Rxe4 27. Bc2 Qxf3 28. Qxf3 Bxf3 0-1

[Event "7th Cattolica Open-B 2020"]
[Site "Cattolica"]
[Date "2020.08.31"]
[Round "1.7"]
[White "Almici, Daniele"]
[Black "Vitaliani, Marco"]
[Result "0-1"]
[ECO "C00"]
[WhiteElo "1630"]
[BlackElo "1911"]
[Annotator "ChessBase"]
[PlyCount "64"]
[EventDate "2020.08.31"]
[EventType "swiss"]
[EventCountry "ITA"]
[SourceTitle "playchess.com"]
[Source "ChessBase"]
[SourceQuality "1"]
[TimeControl "5400+30"]

1. e4 e6 2. d3 d5 3. Nd2 c5 4. g3 Bd6 5. Bg2 Ne7 6. f4 dxe4 7. Nxe4 Nbc6 8. Nf3 O-O 9. O-O b6 10. Nfg5 h6 11. Qh5 Bc7 12. Nf3 Bb7 13. g4 Nd4 14. Rf2 Nxc2 15. Bf1 f5 16. Neg5 Bxf3 17. Nxf3 Nxa1 18. g5 g6 19. Qh4 h5 20. b3 Nc6 21. Bb2 Nxb3 22. axb3 a5 23. Rd2 Nd4 24. Nxd4 cxd4 25. Be2 Qd7 26. Bf3 Rac8 27. Re2 b5 28. Bxh5 gxh5 29. g6 Qg7 30. Rxe6 Rfe8 31. Ra6 Re2 32. Bxd4 Qxd4+ 0-1

[Event "7th Cattolica Open-B 2020"]
[Site "Cattolica"]
[Date "2020.08.31"]
[Round "1.8"]
[White "Gasperi, Fosco"]
[Black "Maselli, David"]
[Result "1-0"]
[ECO "A57"]
[WhiteElo "1878"]
[BlackElo "1649"]
[Annotator "NA"]
[PlyCount "69"]
[EventDate "2020.08.31"]
[EventType "swiss"]
[EventCountry "ITA"]
[SourceTitle "playchess.com"]
[Source "ChessBase"]
[SourceQuality "1"]
[TimeControl "5400+30"]

1. d4 Nf6 2. c4 c5 3. d5 b5 4. Nf3 d6 5. a4 bxc4 6. Nc3 a5 7. e4 g6 8. Bxc4 Bg7 9. e5 Ng4 10. Bb5+ Bd7 11. e6 fxe6 12. Ng5 Bxb5 13. Nxb5 Nxf2 14. Kxf2 O-O+ 15. Ke1 Rf5 16. Nxe6 Re5+ 17. Kf2 Rf5+ 18. Kg1 Qb6 19. Nxg7 Kxg7 20. Qe2 Re5 21. Be3 Na6 22. h3 Nb4 23. Nc3 e6 24. dxe6 Re8 25. Qd2 R8xe6 26. Bh6+ Kg8 27. Rf1 c4+ 28. Kh2 Re8 29. Qf4 Rf5 30. Qxc4+ d5 31. Qb5 Qd6+ 32. g3 Rb8 33. Rxf5 gxf5 34. Bf4 Rxb5 35. Bxd6 1-0

[Event "7th Cattolica Open-B 2020"]
[Site "Cattolica"]
[Date "2020.08.31"]
[Round "1.9"]
[White "Beltrami, Iacopo"]
[Black "Pizzoferrato, Mattia"]
[Result "0-1"]
[ECO "B55"]
[WhiteElo "1619"]
[BlackElo "1854"]
[Annotator "NA"]
[PlyCount "23"]
[EventDate "2020.08.31"]
[EventType "swiss"]
[EventCountry "ITA"]
[SourceTitle "playchess.com"]
[Source "ChessBase"]
[SourceQuality "1"]
[TimeControl "5400+30"]

1. e4 c5 2. Nf3 d6 3. d4 cxd4 4. Nxd4 Nf6 5. f3 a6 6. c4 g6 7. Be3 Bg7 8. Be2 Nbd7 9. O-O Qc7 10. Qd2 Ne5 11. b3 O-O 12. Nc3 0-1

[Event "7th Cattolica Open-B 2020"]
[Site "Cattolica"]
[Date "2020.08.31"]
[Round "1.10"]
[White "Mammi, Samuele"]
[Black "Pilo, Sergio"]
[Result "1-0"]
[ECO "A18"]
[WhiteElo "1847"]
[BlackElo "1568"]
[Annotator "NA"]
[PlyCount "125"]
[EventDate "2020.08.31"]
[EventType "swiss"]
[EventCountry "ITA"]
[SourceTitle "playchess.com"]
[Source "ChessBase"]
[SourceQuality "1"]
[TimeControl "5400+30"]

1. c4 e6 2. Nc3 Nf6 3. e4 Bb4 4. e5 Ng8 5. Qg4 Kf8 6. d4 d5 7. c5 b6 8. cxb6 axb6 9. Bd3 Ba6 10. Bc2 c5 11. a3 Ba5 12. Be3 Nd7 13. Nge2 Ne7 14. O-O h5 15. Qf3 Ke8 16. Rfb1 Nc6 17. Nf4 Qe7 18. Ncxd5 exd5 19. Nxd5 Ndxe5 20. dxe5 Nxe5 21. Qe4 Qd6 22. Nc7+ Qxc7 23. Qxa8+ Bc8 24. Ba4+ Ke7 25. Bf4 Ke6 26. b4 cxb4 27. axb4 Bxb4 28. Rxb4 Qc3 29. Bb3+ Kf5 30. Qe4+ Kf6 31. Bxe5+ Qxe5 32. Rxb6+ Be6 33. Qxe5+ Kxe5 34. Re1+ Kf5 35. Bxe6+ fxe6 36. Rbxe6 Ra8 37. R6e5+ Kf6 38. Rxh5 g6 39. Rhe5 Kg7 40. g3 Ra2 41. Kg2 Ra3 42. Re7+ Kh6 43. R1e4 Ra5 44. Rh4+ Kg5 45. f4+ Kf6 46. Re2 Ra8 47. Rh7 Ra3 48. Rhe7 Ra6 49. Kf3 Ra3+ 50. Kg4 Ra6 51. h4 Rb6 52. h5 gxh5+ 53. Kxh5 Rb5+ 54. R2e5 Rxe5+ 55. Rxe5 Kg7 56. Kg5 Kf7 57. f5 Kg7 58. Re7+ Kf8 59. Kf6 Kg8 60. Rf7 Kh8 61. Kg6 Kg8 62. Rf6 Kh8 63. Rf8# 1-0

[Event "7th Cattolica Open-B 2020"]
[Site "Cattolica"]
[Date "2020.09.01"]
[Round "2.3"]
[White "D`Agostino, Maurizio"]
[Black "Beliman, Alexandro"]
[Result "0-1"]
[ECO "A21"]
[WhiteElo "1893"]
[BlackElo "1732"]
[Annotator "NA RC"]
[PlyCount "84"]
[EventDate "2020.08.31"]
[EventType "swiss"]
[EventCountry "ITA"]
[SourceTitle "playchess.com"]
[Source "ChessBase"]
[SourceQuality "1"]
[TimeControl "5400+30"]

1. c4 e5 2. Nc3 Bb4 3. Qc2 Nc6 4. e3 Bxc3 5. Qxc3 Nf6 6. b4 {[%emt 0:05:38] A21: English Opening: 1...e5 2 Nc3.} d6 7. b5 Ne7 8. Nf3 {[%emt 0:01:27] [#]} h6 $146 ({Predecessor:} 8... Bg4 9. Bb2 O-O 10. Be2 Ng6 11. d3 c6 12. bxc6 bxc6 13. h3 Bf5 14. c5 dxc5 {1-0 (32) Drexel,M (2239)-Zellner,R (2147) Bayern 2006}) 9. Be2 Bf5 10. O-O O-O 11. Ba3 Qd7 12. d3 Bh7 13. Rfc1 a6 14. b6 c5 15. d4 cxd4 16. exd4 e4 17. Ne1 Rac8 18. Qb4 Rfd8 19. d5 ({White should play} 19. Nc2 $11) 19... Nf5 (19... e3 $15 20. fxe3 Nf5) 20. Bb2 Kh8 (20... Qe7 $11 {keeps the balance.}) 21. Nc2 (21. Bxf6 $5 gxf6 22. Nc2 $14) 21... Qe7 $1 22. Ne3 Nxe3 23. fxe3 Nd7 24. Rf1 Ne5 25. Bd4 f6 26. Rad1 $11 Bg6 27. h3 Bh7 28. Qc3 Bg8 29. Qb4 Bf7 30. Rf4 Bg6 31. Rdf1 Bh7 32. Qc3 Re8 33. Rc1 Bg8 34. Qb4 Bxd5 35. Rcf1 Bxc4 36. Bxc4 Rxc4 37. Qa3 d5 38. Qa5 Qe6 39. Rf5 Rd8 40. Qe1 Nf3+ 41. R5xf3 exf3 42. Rxf3 Rxd4 0-1

[Event "7th Cattolica Open-B 2020"]
[Site "Cattolica"]
[Date "2020.09.01"]
[Round "2.6"]
[White "Ismayilov, Ulvi"]
[Black "Gasperi, Fosco"]
[Result "1-0"]
[ECO "B12"]
[WhiteElo "1713"]
[BlackElo "1878"]
[Annotator "NA RC"]
[PlyCount "61"]
[EventDate "2020.08.31"]
[EventType "swiss"]
[EventCountry "ITA"]
[SourceTitle "playchess.com"]
[Source "ChessBase"]
[SourceQuality "1"]
[TimeControl "5400+30"]

1. e4 c6 2. d4 d5 3. e5 c5 4. c3 Nc6 5. Bb5 Qb6 6. Ba4 e6 7. Nf3 cxd4 8. cxd4 Bb4+ 9. Nc3 Qa6 10. a3 Bxc3+ $1 11. bxc3 Bd7 12. Bc2 Na5 13. Rb1 Rc8 14. Bd3 b5 (14... Qc6 $1 $14) 15. a4 $16 Nc4 16. axb5 Bxb5 17. O-O Ne7 18. Ng5 h6 19. Qh5 O-O 20. Nh7 Rfd8 21. Bxh6 Nf5 22. Bg5 f6 23. exf6 Be8 24. Qh3 Bg6 25. f7+ Kxf7 26. Bxd8 Rxd8 27. Ng5+ Kf6 28. Nf3 Qc8 29. Qg4 Rh8 30. Qg5+ Kf7 31. Bxc4 1-0

[Event "7th Cattolica Open-B 2020"]
[Site "Cattolica"]
[Date "2020.09.01"]
[Round "2.7"]
[White "Pizzoferrato, Mattia"]
[Black "Guglielmi, Dante"]
[Result "1/2-1/2"]
[ECO "B03"]
[WhiteElo "1854"]
[BlackElo "1727"]
[Annotator "NA RC"]
[PlyCount "82"]
[EventDate "2020.08.31"]
[EventType "swiss"]
[EventCountry "ITA"]
[SourceTitle "playchess.com"]
[Source "ChessBase"]
[SourceQuality "1"]
[TimeControl "5400+30"]

1. e4 Nf6 2. e5 Nd5 3. d4 d6 4. c4 Nb6 5. Nf3 dxe5 6. Nxe5 {[%emt 0:00:58] B03: Alekhine's Defence: Four Pawns Attack.} ({Much worse is} 6. dxe5 Qxd1+ 7. Kxd1 Nc6 $17) 6... N8d7 7. Nxd7 Nxd7 8. Nc3 g6 {[%emt 0:00:00] [#]} 9. Be3 $146 ({Predecessor:} 9. Be2 Bg7 10. O-O O-O 11. Be3 c6 12. Qd2 Nf6 13. Rfe1 Ng4 14. Bxg4 Bxg4 15. Bh6 Qxd4 16. Qxd4 Bxd4 17. Bxf8 Kxf8 {½-½ (56) Just,B (1565)-Malmstroem,J (1901) Chessfriend.com 2004}) 9... Bg7 10. Qd2 O-O 11. Bh6 Re8 12. Bxg7 Kxg7 13. Be2 Nf6 14. O-O c6 15. Rad1 Qc7 16. Rfe1 Bg4 17. h3 (17. f3 $5 Be6 18. b3 $14) 17... Bxe2 18. Qxe2 Rad8 19. Ne4 Nxe4 20. Qxe4 Qb6 21. b3 Rd7 22. Rd3 Qa5 23. Qe5+ ({White should try} 23. a4 $11) 23... Qxe5 {[%emt 0:00:00] Pin} 24. Rxe5 Red8 25. f3 e6 26. Re4 {[%emt 0:03:50] [#]} c5 $1 27. d5 b6 28. Re5 exd5 29. Rexd5 Rxd5 30. cxd5 Kf6 31. Kf2 Rd7 32. f4 Kf5 (32... b5 $17 33. Kf3 Ke7) 33. Kf3 h5 34. g4+ hxg4+ 35. hxg4+ Kf6 36. g5+ {[%emt 0:01:34] [#]} (36. Re3 $11) 36... Kf5 (36... Ke7 $1 $17) 37. a3 $11 f6 38. gxf6 Kxf6 39. Kg4 b5 40. Rd2 Rd6 41. Rd1 a6 1/2-1/2

[Event "7th Cattolica Open-B 2020"]
[Site "Cattolica"]
[Date "2020.09.01"]
[Round "2.8"]
[White "Saviane, Giorgio"]
[Black "Mammi, Samuele"]
[Result "1-0"]
[ECO "B12"]
[WhiteElo "1643"]
[BlackElo "1847"]
[Annotator "NA RC"]
[PlyCount "123"]
[EventDate "2020.08.31"]
[EventType "swiss"]
[EventCountry "ITA"]
[SourceTitle "playchess.com"]
[Source "ChessBase"]
[SourceQuality "1"]
[TimeControl "5400+30"]

1. e4 c6 2. d4 d5 3. e5 Bf5 4. Be3 e6 5. Nd2 Nd7 6. Be2 {[%emt 0:06:12] B12: Caro-Kann: Advance Variation.} Ne7 7. Ngf3 c5 8. c4 Nc6 {[%emt 0:00:00] [#]} 9. cxd5 $146 ({Predecessor:} 9. O-O Be7 10. cxd5 exd5 11. dxc5 O-O 12. Nb3 Ndxe5 13. Nxe5 Nxe5 14. Nd4 Bd7 15. Qb3 Bxc5 16. Qxd5 Bxd4 17. Bxd4 {1-0 (45) Grischuk,A (2746)-Roiz,M (2669) Ningbo 2011}) 9... exd5 10. Qb3 Nb4 (10... c4 $11 {keeps the balance.} 11. Qxb7 Nb4) 11. Rc1 c4 {[%emt 0:00:00] [#]} (11... Qb6 $14) 12. Nxc4 $1 dxc4 13. Bxc4 Bg6 $2 (13... Be6) 14. h4 $2 {[%emt 0:01:59] [#]} (14. Ng5 $18 Qe7 15. a3) 14... Rc8 $2 (14... b5 $1 $11 {and Black stays safe.} 15. Bxb5 Rb8) 15. h5 Rxc4 16. Rxc4 ({Don't play} 16. Qxc4 $6 Bd3 $16) 16... Nd3+ (16... Be4 $142) 17. Ke2 Bf5 18. Nh4 Bg4+ 19. f3 Be6 20. Qxd3 Bxc4 21. Qxc4 Be7 22. Nf5 O-O 23. Rc1 g6 24. hxg6 hxg6 25. Nh6+ Kg7 26. Ng4 Rh8 27. Qc7 Qe8 28. Qxb7 Nb6 29. Qc6 Qd8 30. a4 Nd5 31. e6 Nxe3 32. Kxe3 ({Weaker is} 32. Nxe3 Qxd4 33. Qb7 Rd8 $18) 32... f5 33. Ne5 Bg5+ 34. f4 Bxf4+ 35. Kxf4 Qxd4+ 36. Kf3 Qxe5 37. Qc7+ Kf6 38. Qxe5+ Kxe5 39. Re1+ Kf6 40. e7 Re8 41. b4 Rxe7 42. Rxe7 Kxe7 43. Kf4 Kf6 44. b5 g5+ 45. Ke3 Ke5 46. a5 g4 47. g3 Kd6 48. b6 axb6 49. axb6 Kc6 50. Kf4 Kxb6 51. Kxf5 Kc6 52. Kxg4 Kd6 53. Kh5 Ke7 54. Kh6 Kf8 55. Kh7 Kf7 56. g4 Kf6 57. Kh6 Kf7 58. g5 Kg8 59. Kg6 Kh8 60. Kf7 Kh7 61. g6+ Kh8 62. g7+ 1-0

[Event "7th Cattolica Open-B 2020"]
[Site "Cattolica"]
[Date "2020.09.01"]
[Round "2.9"]
[White "Tagliaferri, Valerio"]
[Black "Mascia, Leonardo"]
[Result "1-0"]
[ECO "B31"]
[WhiteElo "1777"]
[BlackElo "1585"]
[Annotator "NA RC"]
[PlyCount "66"]
[EventDate "2020.08.31"]
[EventType "swiss"]
[EventCountry "ITA"]
[SourceTitle "playchess.com"]
[Source "ChessBase"]
[SourceQuality "1"]
[TimeControl "5400+30"]

1. e4 c5 2. Nf3 Nc6 3. Bb5 g6 4. c3 Nf6 5. Qe2 Bg7 6. O-O O-O 7. d4 cxd4 8. cxd4 d5 9. e5 Ne4 10. h3 Qb6 11. Rd1 f6 12. exf6 Bxf6 13. Be3 Bd7 14. Nc3 Nxc3 15. bxc3 Rac8 16. Rab1 Qc7 17. c4 e6 18. c5 Ne7 19. Bg5 Nf5 20. Bxf6 Rxf6 21. Bxd7 Qxd7 22. Ne5 Qe7 23. Qb5 Rc7 24. Qa4 b6 25. cxb6 axb6 26. Rxb6 Ra7 27. Qb3 Ra3 28. Qb2 Qa7 29. Rd2 Ra4 30. g4 Ne7 31. Rb7 Qa6 32. Rxe7 Ra3 33. Qb7 Ra4 1-0

[Event "7th Cattolica Open-B 2020"]
[Site "Cattolica"]
[Date "2020.09.01"]
[Round "2.10"]
[White "Palozza, Flavio"]
[Black "Giovannini, Roberto"]
[Result "1-0"]
[ECO "B22"]
[WhiteElo "1619"]
[BlackElo "1893"]
[Annotator "NA RC"]
[PlyCount "187"]
[EventDate "2020.08.31"]
[EventType "swiss"]
[EventCountry "ITA"]
[SourceTitle "playchess.com"]
[Source "ChessBase"]
[SourceQuality "1"]
[TimeControl "5400+30"]

1. e4 c5 2. c3 d5 3. exd5 Qxd5 4. d4 Nf6 5. Nf3 Bg4 6. Be2 e6 7. O-O (7. Kf1 ) 7... cxd4 8. cxd4 Be7 9. Nc3 Qd8 {[%emt 0:00:14] B22: Sicilian: 2 c3.} 10. Qb3 Qb6 11. Qxb6 axb6 12. Bb5+ Nbd7 $2 (12... Nc6 $14) 13. Ne5 {[%emt 0:01:36] [#]} Rd8 $146 ({Predecessor:} 13... Bh5 14. g4 Bg6 15. g5 O-O-O 16. gxf6 Nxf6 17. Be3 Bd6 18. Rac1 Kb8 19. Bg5 h6 20. Nxg6 hxg5 21. Nxh8 Rxh8 {1-0 (55) Homola,U-Grossberger,J Baden 2012}) 14. Bxd7+ Rxd7 15. Nxd7 Kxd7 16. Bg5 Rc8 17. Rac1 h6 18. f3 Bf5 19. Bh4 g5 20. Bg3 h5 21. Be5 Ne8 22. Na4 Bd8 23. Rxc8 Kxc8 24. Nc3 f6 25. Bg3 Kd7 26. f4 h4 27. Bf2 h3 28. fxg5 fxg5 29. Bg3 Nf6 30. gxh3 Bxh3 31. Re1 Be7 32. a3 Nh5 33. b4 Nf4 34. Bxf4 gxf4 35. Re4 Bg5 36. d5 Kd6 37. dxe6 Bxe6 38. Re1 Bh4 39. Re4 Bg5 40. Kf2 Bf5 41. Re8 Kd7 42. Rg8 Bf6 43. Ne2 Be5 44. Rg5 Ke6 45. Kf3 Kf6 46. Rg1 (46. h4 $142) 46... Bd7 47. Nxf4 Kf5 48. Nd3 Bc6+ 49. Ke3 Bxh2 50. Rf1+ Ke6 51. Nf4+ Kd6 52. Rd1+ Ke5 53. Nd3+ Ke6 54. Kd4 Kd6 55. Re1 Bb5 $2 (55... b5 56. Nc5 Bf4 57. Re6+ Kc7) 56. Rh1 Bg3 57. Rh6+ $2 (57. Rh3 Bxd3 58. Kxd3) 57... Kc7 58. Ne5 Ba4 59. Rh7+ Kb8 60. Nc4 Bb5 (60... Bc6 $142 61. Rg7 Bf2+ 62. Kd3 Ka7) 61. Nd2 Bc6 62. Kc4 Bf4 63. Nb3 Bg2 (63... b5+ $142 64. Kc3 Ka7) 64. Nd4 Bf1+ 65. Kb3 Be3 66. Nc2 Bg5 67. a4 Bd3 68. Rg7 Bf6 69. Rf7 Be5 70. Na3 Bh2 71. Nb5 Bxb5 72. axb5 Be5 73. Kc4 Bg3 74. Re7 Bf4 75. Kd5 Bd2 76. Kc4 $2 (76. Re4 {mates} Kc7 77. Kc4 Kb8 78. Rg4 Be3 79. Kd5 Kc7 80. Ke6 Bh6 81. Ke7) 76... Bf4 $1 77. Rh7 Bd2 78. Rg7 Bh6 $11 79. Rf7 (79. Rg6 Be3) 79... Bd2 80. Rg7 $2 (80. Rf2 {mates} Be1 81. Rf7 Kc8 82. Rf6 Kc7 83. Re6 Bg3 84. Kd5 Kc8 85. Rxb6) 80... Bf4 $2 81. Kd5 Bd2 82. Kd6 Bxb4+ {[%emt 0:00:09] [#]} 83. Kd7 $1 Bc5 84. Rg8+ Ka7 85. Kc8 Bd4 86. Rf8 Bc5 {[%emt 0:00:36] [#]} 87. Rf7 $1 Ka8 88. Rxb7 Bd4 89. Kc7 Bc5 90. Rxb6 Bxb6+ 91. Kxb6 Kb8 {[%emt 0:00:07] [#]} 92. Ka6 $1 Ka8 93. b6 Kb8 94. b7 1-0

[Event "7th Cattolica Open-B 2020"]
[Site "Cattolica"]
[Date "2020.09.02"]
[Round "3.4"]
[White "Pizzoferrato, Mattia"]
[Black "Saviane, Giorgio"]
[Result "0-1"]
[ECO "C50"]
[WhiteElo "1854"]
[BlackElo "1643"]
[Annotator "NA RC"]
[PlyCount "62"]
[EventDate "2020.08.31"]
[EventType "swiss"]
[EventCountry "ITA"]
[SourceTitle "playchess.com"]
[Source "ChessBase"]
[SourceQuality "1"]
[TimeControl "5400+30"]

1. e4 e5 2. Nf3 Nc6 3. Bc4 Bc5 4. O-O Nf6 5. d4 Bxd4 6. Nxd4 Nxd4 {[%emt 0:00:14] C50: Hungarian Defence and Giuoco Pianissimo.} 7. Be3 {[%emt 0:00:07] 7.Bg5 is the modern continuation.} Nc6 8. f4 Qe7 9. Nc3 exf4 10. Rxf4 {[%emt 0:00:14] [#]} d6 $146 ({Predecessor:} 10... Ne5 11. Bb3 d6 12. h3 Be6 13. Qe2 O-O 14. Raf1 Nfd7 15. Nd5 Bxd5 16. Bxd5 c6 {0-1 (40) Takle,D (2181)-Lie,E (2471) Fagernes 2013}) 11. Qe1 Ne5 12. Nd5 Nxd5 13. Bxd5 O-O 14. Qg3 Be6 15. Bd4 c5 16. Bc3 f6 17. Qh3 Bxd5 18. exd5 Ng6 19. Rf5 Qe4 20. Raf1 (20. Rf2 $17 {might work better.}) 20... Rae8 21. R1f2 b5 22. a3 Qe3 23. R5f3 Qc1+ 24. Rf1 Qxc2 25. Qd7 Re2 26. Rg3 (26. R3f2 $17 {was the only defense.}) 26... a6 27. h4 (27. h3 {was necessary.}) 27... Qe4 28. h5 Qh4 29. Rh3 Qg5 30. g4 $2 {[%emt 0:02:12] [#]} (30. Rf2 Rxf2 31. Kxf2) 30... Nf4 $1 31. Rxf4 Qxf4 $19 0-1

[Event "7th Cattolica Open-B 2020"]
[Site "Cattolica"]
[Date "2020.09.02"]
[Round "3.5"]
[White "Guglielmi, Dante"]
[Black "Urbani, Gabriel"]
[Result "0-1"]
[ECO "E14"]
[WhiteElo "1727"]
[BlackElo "1737"]
[Annotator "NA RC"]
[PlyCount "128"]
[EventDate "2020.08.31"]
[EventType "swiss"]
[EventCountry "ITA"]
[SourceTitle "playchess.com"]
[Source "ChessBase"]
[SourceQuality "1"]
[TimeControl "5400+30"]

1. c4 e6 2. Nf3 d5 3. e3 Nf6 4. b3 Be7 5. Be2 O-O 6. O-O Nbd7 7. Bb2 b6 8. Nc3 Bb7 9. Rc1 c5 10. d4 Rc8 11. cxd5 Nxd5 12. Nxd5 Bxd5 13. Ba6 Rb8 14. Qe2 Bd6 15. Rfd1 Qe7 16. e4 Ba8 17. Bc4 Bf4 18. Rc2 cxd4 19. Nxd4 Nc5 20. f3 Rbd8 21. Bc1 Bb8 22. Be3 Qd6 23. f4 Nxe4 24. Rcc1 Qe7 25. Bb5 e5 26. fxe5 Qxe5 27. g3 Nc5 28. Bc6 Rxd4 29. Bxa8 Rxd1+ 30. Rxd1 h6 31. Qf2 Ne4 32. Qf3 Ng5 33. Bxg5 Qxg5 34. Bd5 Bd6 35. Qe4 Rd8 36. Qc4 Qe7 37. Rf1 Rf8 38. Kg2 Bc5 39. Qe4 Qxe4+ 40. Bxe4 Re8 41. Bd5 Re7 42. a4 Kf8 43. Bc6 Re2+ 44. Kh3 f6 45. Rd1 a5 46. Bb5 Rb2 47. Bc4 g5 48. Rh1 h5 49. Bd5 Kg7 50. Bc4 Kh6 51. Be6 g4+ 52. Bxg4 hxg4+ 53. Kxg4 Rxb3 54. Kf5 Bd4 55. Rd1 Rb4 56. h3 Rxa4 57. g4 Rc4 58. h4 a4 59. g5+ fxg5 60. hxg5+ Kg7 61. Re1 a3 62. Re7+ Kf8 63. Ra7 Rc5+ 64. Ke4 Ra5 0-1

[Event "7th Cattolica Open-B 2020"]
[Site "Cattolica"]
[Date "2020.09.02"]
[Round "3.6"]
[White "Magnaterra, Michele"]
[Black "Palozza, Flavio"]
[Result "1-0"]
[ECO "E32"]
[WhiteElo "1524"]
[BlackElo "1619"]
[Annotator "NA RC"]
[PlyCount "81"]
[EventDate "2020.08.31"]
[EventType "swiss"]
[EventCountry "ITA"]
[SourceTitle "playchess.com"]
[Source "ChessBase"]
[SourceQuality "1"]
[TimeControl "5400+30"]

1. d4 Nf6 2. c4 e6 3. Nc3 Bb4 4. Qc2 b6 5. a3 Bxc3+ 6. Qxc3 Bb7 7. Bg5 h6 8. Bh4 g5 9. Bg3 Ne4 10. Qc2 f5 11. e3 d6 12. f3 Nxg3 13. hxg3 Qf6 14. Bd3 O-O 15. O-O-O Nc6 16. Kb1 Ne7 17. g4 fxg4 18. fxg4 Qg7 19. Nf3 Rf6 20. Be4 Bxe4 21. Qxe4 Raf8 22. Rh3 Qg6 23. Qxg6+ Rxg6 24. Rdh1 Kg7 25. Kc2 Ng8 26. Kd3 Nf6 27. Rg3 Rd8 28. e4 Rf8 29. e5 Nd7 30. Re1 Rf4 31. Re4 a6 32. Ke3 Rxe4+ 33. Kxe4 Kf7 34. b4 Ke7 35. Rh3 a5 36. bxa5 bxa5 37. Rh1 Nb6 38. Kd3 Kd7 39. Rb1 d5 40. cxd5 Nxd5 41. Rb5 1-0